Map: Frozen Temple

Players

Elazer

  • Race: Zerg Zerg

iAsonu - Winner!

  • Race: Zerg Zerg

Event: 2016 WCS Summer Circuit Championship (DH Montreal)

VOD

Have the link to the VOD?

Description

Time

  • Played on: Aug. 12, 2016, 8:31 p.m.
  • Length: 10:06

All games in this series

Show
View Real Time Build Order
Export as new Build Order

Elazer Zerg 

Build Orders: Pool First 

Get SALT Encoding   

  12  0:00  Drone  
  13  0:12  Overlord  
  13  0:17  Drone  
  14  0:30  Drone x2  
  14  0:34  Drone  
  17  0:44  Spawning Pool  
  17  0:47  Drone  
  17  1:07  Hatchery  
  17  1:10  Drone  
  17  1:14  Extractor  
  17  1:15  Drone  
  17  1:30  Queen  
  17  1:31  Zergling x4  
  21  1:43  Overlord  
  21  1:51  Drone  
  22  2:02  Drone  
  22  2:06  Queen  
  25  2:11  Drone  
  26  2:19  Drone  
  27  2:24  Drone  
  28  2:31  Overlord  
  28  2:32  Drone  
  29  2:38  Drone x2  
  29  2:40  Drone  
  29  2:41  Drone  
  33  2:46  Lair  
  33  2:50  Drone  
  33  2:53  Evolution Chamber  
  33  2:56  Roach Warren  
  33  3:06  Drone x2  
  33  3:07  Drone x2  
  33  3:09  Drone  
  33  3:12  Drone  
  37  3:14  Drone  
  37  3:17  Drone x2  
  39  3:22  Zerg Missile Weapons Level 1  
  39  3:26  Extractor  
  38  3:28  Extractor  
  38  3:29  Drone x2  
  38  3:34  Overlord  
  39  3:43  Glial Reconstitution  
  39  3:45  Roach  
  39  3:46  Roach  
  43  3:49  Drone  
  43  3:52  Overlord  
  43  3:53  Drone x3  
  43  3:54  Drone  
  48  4:00  Roach x2  
  52  4:05  Overlord  
  51  4:14  Roach x2  
  55  4:21  Drone  
  55  4:23  Roach x2  
  60  4:26  Roach x2  
  60  4:30  Overlord  
  64  4:33  Roach  
  64  4:36  Overlord  
  66  4:49  Roach x4  
  66  4:51  Overlord  
  74  4:53  Roach  
  74  4:58  Roach x2  
  80  5:03  Overlord  
  80  5:04  Roach  
  82  5:10  Roach x2  
  82  5:11  Roach  
  88  5:17  Overlord  
  88  5:19  Roach  
  86  5:30  Roach x5  
  92  5:40  Roach x3  
  90  5:48  Roach x2  
  84  5:59  Roach x2  
  82  6:04  Roach x3  
  82  6:10  Zerg Missile Weapons Level 2  
  78  6:13  Drone  
  78  6:15  Drone  
  80  6:18  Hatchery  
  80  6:20  Tunneling Claws  
  79  6:27  Drone  
  79  6:28  Drone x3, Extractor  
  82  6:38  Overlord  
  82  6:41  Roach x3  
  82  6:44  Ravager  
  89  6:48  Overlord, Burrow  
  89  6:50  Drone  
  90  7:00  Roach x4  
  98  7:04  Roach x2  
  102  7:10  Overlord  
  102  7:12  Roach  
  102  7:14  Roach  
  106  7:17  Overlord  
  106  7:22  Roach  
  108  7:25  Overlord  
  108  7:29  Roach x2  
  112  7:34  Roach x2  
  112  7:36  Roach  
  118  7:39  Overlord  
  118  7:44  Roach  
  118  7:45  Roach x2  
  118  7:51  Roach x2  
  128  7:53  Overlord  
  128  8:01  Overlord  
  128  8:03  Roach x3  
  134  8:08  Roach  
  136  8:14  Overlord, Roach  
  136  8:15  Roach x2  
  136  8:16  Roach x4  
  136  8:18  Roach x3  
  136  8:19  Roach  
  140  8:22  Roach x5  
  140  8:23  Roach  
  144  8:28  Roach x2  
  148  8:34  Drone  
  148  8:37  Roach x4  
  146  8:43  Roach x3  
  146  8:44  Roach x6  
  146  8:46  Roach x3  
  151  8:52  Roach x3  
  151  8:58  Roach x2  
  141  9:13  Roach x4  
  141  9:14  Roach x4  
  133  9:21  Roach x2  
  115  9:30  Roach  
Show
View Real Time Build Order
Export as new Build Order

iAsonu Zerg - Winner!

Build Orders: Hatch First 

Get SALT Encoding   

  12  0:01  Drone  
  13  0:13  Overlord  
  13  0:17  Drone  
  14  0:32  Drone x2  
  14  0:35  Drone  
  17  0:53  Hatchery  
  17  0:55  Drone  
  17  0:58  Drone  
  18  1:09  Extractor  
  17  1:14  Spawning Pool  
  17  1:17  Drone  
  17  1:22  Drone  
  18  1:30  Drone  
  19  1:40  Drone  
  20  1:51  Overlord  
  20  2:02  Queen  
  20  2:04  Queen  
  20  2:05  Zergling x4  
  26  2:12  Metabolic Boost  
  26  2:14  Drone  
  27  2:16  Drone  
  28  2:25  Drone  
  28  2:32  Drone  
  29  2:37  Overlord  
  29  2:40  Drone  
  29  2:46  Drone  
  29  2:49  Drone  
  31  2:55  Drone  
  32  2:59  Evolution Chamber, Drone  
  32  3:06  Hatchery  
  32  3:08  Drone  
  32  3:10  Drone  
  33  3:13  Drone  
  33  3:15  Drone  
  33  3:18  Drone  
  36  3:21  Drone  
  37  3:28  Zerg Ground Armor Level 1  
  37  3:33  Drone x2  
  39  3:37  Overlord  
  39  3:39  Drone  
  40  3:42  Drone x2  
  40  3:45  Drone  
  43  3:49  Overlord  
  43  3:56  Extractor  
  43  3:57  Extractor, Roach Warren, Drone  
  43  3:59  Drone  
  43  4:02  Drone  
  43  4:05  Drone  
  43  4:08  Drone  
  43  4:09  Drone  
  46  4:12  Drone  
  46  4:14  Drone  
  47  4:18  Overlord  
  47  4:21  Zergling x2  
  47  4:22  Zergling x6  
  51  4:27  Queen  
  51  4:28  Zergling x4  
  51  4:31  Zergling x2  
  56  4:34  Zergling x4  
  56  4:37  Overlord  
  58  4:39  Roach  
  58  4:42  Roach  
  62  4:46  Roach  
  62  4:51  Roach x3  
  70  4:57  Roach x2  
  70  4:59  Overlord  
  74  5:01  Roach  
  74  5:03  Ravager x2  
  74  5:05  Zergling x4  
  80  5:10  Roach  
  80  5:11  Overlord  
  82  5:15  Overlord  
  82  5:19  Roach, Zergling x2  
  84  5:28  Zergling x6  
  84  5:31  Zergling x10  
  83  5:36  Zergling x2  
  83  5:38  Zergling x4  
  80  5:43  Roach  
  80  5:46  Zerg Missile Weapons Level 1  
  80  5:48  Roach x4  
  80  5:55  Roach  
  77  5:58  Roach  
  77  6:00  Roach  
  76  6:09  Roach x2  
  76  6:11  Ravager x2  
  81  6:15  Roach x3  
  87  6:19  Roach, Zergling x2  
  87  6:20  Zergling x4  
  93  6:25  Drone  
  93  6:26  Drone x2  
  95  6:34  Ravager  
  95  6:36  Drone x3  
  99  6:42  Overlord  
  99  6:44  Roach  
  99  6:45  Roach x2  
  99  6:46  Overlord  
  105  6:50  Overlord  
  105  6:53  Overlord  
  105  6:54  Overlord  
  105  6:58  Overlord  
  105  7:01  Ravager  
  105  7:03  Zergling x10  
  105  7:06  Lair  
  111  7:12  Zergling x2  
  111  7:13  Zergling x6  
  115  7:15  Zergling x2  
  115  7:16  Zergling x10  
  115  7:22  Roach x2  
  125  7:25  Drone  
  125  7:26  Drone x2  
  128  7:33  Roach  
  128  7:34  Roach x2  
  134  7:40  Roach  
  136  7:44  Overlord  
  136  7:46  Roach x3  
  142  7:53  Roach x2  
  142  7:54  Overlord  
  142  7:58  Extractor x2, Overlord  
  146  8:02  Roach x5  
  154  8:12  Glial Reconstitution  
  154  8:14  Drone x8  
  154  8:16  Drone  
  154  8:17  Drone  
  164  8:21  Spine Crawler x2  
  164  8:22  Spine Crawler  
  164  8:24  Roach x2  
  164  8:26  Overseer  
  165  8:27  Overseer  
  165  8:39  Roach  
  165  8:40  Roach x3  
  157  8:50  Drone  
  157  8:51  Roach x4  
  162  9:05  Roach x5  
  159  9:11  Roach  
  159  9:12  Roach x4  
  137  9:19  Roach x3  
  124  9:28  Roach  
  124  9:29  Roach x3  
Tags
 
Add a new tag
Caveats
  • Supply blocks, unpowered buildings, or Contaminate may cause inaccurate times.
  • Supply counts are checked every 10 seconds.